 Dungeon Crawl Stone Soup version 0.26-a0-389-g5bc9781 (webtiles) character file.

Game seed: 16161826316595920157

2787 Cheivey the Protected (level 9, -1/52 HPs)
             Began as a Gargoyle Fighter on July 22, 2020.
             Was a Believer of Dithmenos.
             Engulfed by a steam dragon's steam (2 damage)
             ... on level 8 of the Dungeon.
             The game lasted 00:11:30 (5952 turns).

Cheivey the Protected (Gargoyle Fighter)            Turns: 5952, Time: 00:11:30

Health: -1/52      AC: 27    Str: 22    XL:     9   Next: 70%
Magic:  9/9        EV: 28    Int:  9    God:    Dithmenos [**....]
Gold:   385        SH:  9    Dex: 10    Spells: 8/8 levels left

rFire    . . .     SeeInvis .   w - +0 morningstar
rCold    . . .     Faith    .   c - +0 kite shield
rNeg     + . .     Spirit   .   t - +0 plate armour
rPois    ∞         Reflect  .   g - +0 helmet
rElec    +         Harm     .   (no cloak)
rCorr    .                      y - +0 pair of gloves
MR       .....                  u - +1 pair of boots
Stlth    ..........             h - amulet of the acrobat
HPRegen  0.17/turn              k - +4 ring of evasion
MPRegen  0.11/turn              r - +4 ring of evasion

@: acrobat, wreathed by umbra
A: negative energy resistance 1, electricity resistance, unbreathing,
petrification resistance, rot immunity, AC +6
a: Shadow Step, Renounce Religion


You were on level 8 of the Dungeon.
You worshipped Dithmenos.
Dithmenos was pleased with you.
You visited 1 branch of the dungeon, and saw 8 of its levels.
You also visited: Ossuary.

You collected 385 gold pieces.

Inventory:

Hand Weapons
 w - a +0 morningstar (weapon)
Armour
 c - a +0 kite shield (worn)
 g - a +0 helmet (worn)
 t - a +0 plate armour (worn)
 u - a +1 pair of boots (worn)
 y - a +0 pair of gloves (worn)
Jewellery
 b - an uncursed ring of magical power {unknown}
 h - an amulet of the acrobat (around neck)
 k - a +4 ring of evasion (left hand)
 l - an uncursed ring of magical power {unknown}
 m - an uncursed ring of poison resistance {unknown}
 r - a +4 ring of evasion (right hand)
 C - an uncursed amulet of magic regeneration
Scrolls
 j - a scroll of fog
 o - 4 scrolls of teleportation
 p - 5 scrolls of remove curse
 q - a scroll of fear
 A - 2 scrolls of random uselessness {unknown}
 B - a scroll of magic mapping
Potions
 a - a potion of heal wounds
 d - 5 potions of might
 e - a potion of lignification
 f - a potion of invisibility
 i - a potion of resistance
 n - a potion of cancellation
 s - 2 potions of stabbing
 v - 4 potions of brilliance
 x - a potion of ambrosia
 z - 3 potions of curing


   Skills:
 - Level 4.7 Fighting
 - Level 4.7 Maces & Flails
 * Level 12.3 Armour
 + Level 1.3 Dodging
 + Level 1.6 Stealth
 - Level 4.4 Shields


You had 8 spell levels left.
You didn't know any spells.
Your spell library contained the following spells:

 Spells                   Type           Power        Failure   Level
 Animate Skeleton         Necr           #.....       100%        1
 Apportation              Tloc           #.....       100%        1
 Corona                   Hex            #......      100%        1
 Summon Small Mammal      Summ           #...         100%        1


Dungeon Overview and Level Annotations

Branches:
Dungeon (8/15)             Temple (0/1) D:7         Ossuary (visited)
   Lair: D:8-11

Altars:
Ashenzari
Dithmenos
Hepliaklqana
Nemelex Xobeh
Trog
Vehumet


Innate Abilities, Weirdness & Mutations

You are resistant to torment.
Your stone body is resilient. (AC +6)
You are immune to poison.
You resist negative energy. (rN+)
You are resistant to electric shocks. (rElec)
You can survive without breathing.
You are immune to petrification.
You are immune to rotting.


Message History

Unknown command.
You are too injured to fight recklessly!
You are too injured to fight recklessly!
You barely miss the two-headed ogre.
The two-headed ogre is lightly wounded.
You are engulfed in a cloud of scalding steam.
The two-headed ogre is engulfed in a cloud of scalding steam.
The two-headed ogre hits you with a +0 giant club!
* * * LOW HITPOINT WARNING * * *
The two-headed ogre hits you but does no damage.
The steam dragon breathes steam at you.
The ball of steam hits you but does no damage.
You are engulfed in a cloud of scalding steam.
The two-headed ogre is engulfed in a cloud of scalding steam.
You see here a flail.
The steam dragon breathes steam at you. The ball of steam hits you.
* * * LOW HITPOINT WARNING * * *
You are engulfed in a cloud of scalding steam.
You die...

.. . #.. .## #..####.###..#
#.... ......# # ##...###.....#
.# #......#.....#..###
#.....§§§........ .#
#..##.§§§..#.... ..###
#..†..§§@(.##.# ....
#..###...§.#..# ##...#
####..###....§..####..# #.
##........#....D###.(.####..<
##...............O............
#...............)##..#........
#....(........................
#..........<.......###........
##...............### #........


There were no monsters in sight!

Vanquished Creatures
  Harold (D:7)
  A troll (D:8)
  2 sky beasts (D:6)
  2 ogres
  A phantom (D:5)
  2 centaurs
  4 bullfrogs (D:7)
  A scorpion (D:5)
  3 wights (D:6)
  2 jellies (D:5)
  A quasit (D:6)
  A hound (D:6)
  A centaur skeleton (D:4)
  2 iguanas (D:6)
  6 worker ants
  A killer bee zombie (D:4)
  A hound zombie (D:7)
  A hound skeleton (D:7)
  3 mummies (Ossuary)
  4 gnolls (D:5)
  12 adders
  2 shadow imps
  A white imp (D:6)
  3 ufetubi
  7 adder zombies
  4 worms
  5 dart slugs
  7 leopard geckos
  15 orcs
  A ball python (D:1)
  12 giant cockroaches
  2 gnoll zombies (Ossuary)
  7 goblins
  9 hobgoblins
  8 jackals
  3 quokkas
  11 bats
  8 frilled lizards
  3 hobgoblin zombies (Ossuary)
  A jackal skeleton (D:7)
  7 kobolds
  An orc zombie (Ossuary)
  A quokka skeleton (D:5)
  5 quokka zombies
  4 rats (D:1)
  2 rat zombies (Ossuary)
181 creatures vanquished.

Notes
Turn   | Place    | Note
-------+----------+-------------------------------------------
     0 | D:1      | Cheivey the Gargoyle Fighter began the quest for the Orb.
     0 | D:1      | Reached XP level 1. HP: 14/14 MP: 1/1
    40 | D:1      | Reached XP level 2. HP: 9/19 MP: 2/2
   482 | D:1      | Reached XP level 3. HP: 23/23 MP: 3/3
   957 | D:2      | Reached XP level 4. HP: 16/29 MP: 4/4
  1506 | D:2      | Found a bloodstained altar of Trog.
  1733 | D:3      | Reached skill level 4 in Armour
  1762 | D:3      | Reached XP level 5. HP: 33/33 MP: 5/5
  2380 | D:4      | Reached XP level 6. HP: 39/39 MP: 6/6
  2977 | D:4      | Found a shadowy altar of Dithmenos.
  2995 | D:4      | Became a worshipper of Dithmenos the Shadowed
  3145 | D:5      | Entered Level 5 of the Dungeon
  3266 | D:5      | Found a sand-covered staircase.
  3273 | Ossuary  | Entered an ossuary
  3376 | Ossuary  | Reached skill level 5 in Armour
  3407 | Ossuary  | Reached XP level 7. HP: 44/44 MP: 7/7
  3464 | Ossuary  | Reached * piety under Dithmenos
  3824 | D:5      | Reached skill level 6 in Armour
  3862 | D:5      | Reached skill level 1 in Stealth
  4104 | D:5      | Reached skill level 7 in Armour
  4257 | D:6      | Reached XP level 8. HP: 48/48 MP: 8/8
  4328 | D:6      | Reached skill level 8 in Armour
  4413 | D:6      | Reached skill level 1 in Dodging
  4510 | D:6      | Reached skill level 9 in Armour
  4738 | D:6      | Reached ** piety under Dithmenos
  4957 | D:7      | Found a shattered altar of Ashenzari.
  4976 | D:7      | Found a staircase to the Ecumenical Temple.
  5086 | D:7      | Found a radiant altar of Vehumet.
  5207 | D:7      | Noticed Harold
  5232 | D:7      | Killed Harold
  5232 | D:7      | Reached skill level 11 in Armour
  5232 | D:7      | Reached XP level 9. HP: 34/52 MP: 9/9
  5522 | D:7      | Reached skill level 12 in Armour
  5783 | D:7      | Found a sparkling altar of Nemelex Xobeh.
  5785 | D:7      | Found a hazy altar of Hepliaklqana.
  5825 | D:8      | Noticed a troll
  5842 | D:8      | Killed a troll
  5935 | D:8      | Noticed a two-headed ogre
  5951 | D:8      | HP: 1/52 [steam dragon/ball of steam (4)]
  5952 | D:8      | Engulfed by a steam dragon's steam

Illustrated notes

Levels and vault maps discovered:
D:1:      scummos_arrival_checkerplants, layout_rooms
D:2:      layout_rooms, bloody_trog
D:3:      layout_loops_cross, due_unseen_surprise
D:4:      layout_layer_cave, st_stairs_14, grunt_dithmenos_shadows
D:5:      cheibrodos_iron_armory, layout_loops_cross,
          chequers_ossuary_entry_cave
D:6:      layout_rooms
D:7:      layout_loops_corners, nicolae_overflow_hidden_temple,
          old_standard_altar, minmay_temple_entry_statues, ashenzari_altar_1,
          uniq_harold
D:8:      layout_rooms, minmay_ruffians

Skill      XL: |  1  2  3  4  5  6  7  8  9 |
---------------+----------------------------+-----
Fighting       | 4 |  4.7
Maces & Flails | 3 4 |  4.7
Shields        | 4 |  4.4
Armour         | 4 5 7 11 12 | 12.3
Stealth        | 1 |  1.6
Dodging        | 1 |  1.3

Action                   |  1- 3 |  4- 6 |  7- 9 || total
-------------------------+-------+-------+-------++-------
Melee: Flail             |   145 |   240 |   179 ||   564
       Morningstar       |       |       |   111 ||   111
  Use: Scroll            |       |    10 |    10 ||    20
       Potion            |       |     2 |     4 ||     6
Armor: Scale mail        |    91 |    66 |       ||   157
       Plate armour      |       |    30 |   125 ||   155
Dodge: Dodged            |    55 |   109 |   217 ||   381
Block: Kite shield       |    77 |   149 |   178 ||   404

Table legend: (Time is in decaauts)
 A = Elapsed time spent in this place.
 B = Non-inter-level travel time spent in this place.
 C = Inter-level travel time spent in this place.
 D = Time resting spent in this place.
 E = Time spent auto-exploring this place.
 F = Levels seen in this place.
 G = Mean time per level.
                   A        B        C        D        E       F      G
               +--------+--------+--------+--------+--------+-----+--------+
         Total |   6135 |   5979 |    156 |      0 |   4388 |   9 |  681.7 |
       Dungeon |   5859 |   5703 |    156 |      0 |   4281 |   8 |  732.4 |
       Ossuary |    275 |    275 |      0 |      0 |    107 |   1 |  275.0 |
               +--------+--------+--------+--------+--------+-----+--------+
Top levels by time: D:7: 1007 daAuts D:2: 873 daAuts D:4: 848 daAuts D:5: 837 daAuts D:1: 814 daAuts D:3: 716 daAuts D:6: 628 daAuts Ossuary: 275 daAuts D:8: 133 daAuts
